 Dungeon Crawl Stone Soup version 0.26.0-45-g9c1d065592 (webtiles) character file.

Game seed: 9399188147103921577

(classic levelgen) 84 thiole the Stinger (level 4, -2/29 HPs)
             Began as an Octopode Venom Mage on Jan 30, 2021.
             Slain by Grinder (4 damage)
             ... on level 3 of the Dungeon.
             The game lasted 00:01:23 (2208 turns).

thiole the Stinger (Octopode Venom Mage)            Turns: 2208, Time: 00:01:23

Health: -2/29      AC:  1    Str:  7    XL:     4   Next: 45%
Magic:  0/7        EV: 13    Int: 18    God:
Gold:   150        SH:  0    Dex: 12    Spells: 6/7 levels left

rFire    . . .     SeeInvis .   (no weapon)
rCold    + . .     Faith    .   (no shield)
rNeg     . . .     Spirit   .   (helmet restricted)
rPois    .         Reflect  .   (no amulet)
rElec    .         Harm     .   f - ring of protection from cold
rCorr    .         Rampage  .   (no ring)
Will     .....                  (no ring)
Stlth    +++.......             (no ring)
HPRegen  0.09/turn              (no ring)
MPRegen  0.10/turn              (no ring)
                                (no ring)
                                (no ring)

@: no status effects
A: almost no armour, stealthy swim, amphibious, 8 rings, constrict 8, camouflage
1, gelatinous body 1
a: no special abilities


You were on level 3 of the Dungeon.
You visited 1 branch of the dungeon, and saw 3 of its levels.

You collected 150 gold pieces.

Inventory:

Missiles
 n - 7 stones
Jewellery
 f - a ring of protection from cold (left tentacle)
Wands
 m - a wand of random effects (15)
Scrolls
 a - 6 scrolls of teleportation {unknown}
 c - a scroll of enchant weapon {unknown}
 e - 4 scrolls of identify {unknown}
 h - a scroll of random uselessness {unknown}
 j - 3 scrolls of remove curse {unknown}
 k - 2 scrolls of enchant armour {unknown}
Potions
 b - a potion of heal wounds
 d - a potion of curing {unknown}
 g - a potion of magic {unknown}
 i - a potion of haste {unknown}
 l - a potion of ambrosia {unknown}


   Skills:
 - Level 2.0 Fighting
 - Level 2.1 Dodging
 - Level 3.0 Stealth
 + Level 2.2 Spellcasting
 - Level 1.2 Transmutations
 - Level 5.0 Poison Magic


You had 6 spell levels left.
You knew the following spells:

 Your Spells              Type           Power        Failure   Level
a - Sting                 Tmut/Pois      52%          4%          1

Your spell library contained the following spells:

 Spells                   Type           Power        Failure   Level
 Poisonous Vapours        Pois/Air       22%          10%         2
 Ignite Poison            Fire/Tmut/Pois 9%           22%         3
 Olgreb's Toxic Radiance  Pois           20%          22%         4
 Mephitic Cloud           Conj/Pois/Air  8%           26%         3


Dungeon Overview and Level Annotations

Branches:
Dungeon (3/15)

Altars:

Annotations:
D:3 Grinder


Innate Abilities, Weirdness & Mutations

You cannot wear most types of armour.
You are very stealthy in the water. (Stealth+)
You are amphibious.
You can wear up to eight rings at the same time.
You can use your tentacles to constrict eight enemies at once.
Your skin changes colour to match your surroundings (Stealth+).
Your rubbery body absorbs attacks. (AC +1, EV +1)


Message History

Grinder hits you!
Casting: Sting (safe; 4% risk of failure)
Confirm with . or Enter, or press ? or * to list all spells.
Aiming: Sting (safe; 4% risk of failure)
Press: ? - help, Shift-Dir - straight line, f/p - Grinder
Aim: Grinder (moderately wounded, extremely poisoned, 32% to evade)
The sting misses Grinder.
Grinder hits you!
* * * LOW HITPOINT WARNING * * *
You writhe in agony.
* * * LOW HITPOINT WARNING * * *
Casting: Sting (safe; 4% risk of failure)
Confirm with . or Enter, or press ? or * to list all spells.
Aiming: Sting (safe; 4% risk of failure)
Press: ? - help, Shift-Dir - straight line, f/p - Grinder
Aim: Grinder (moderately wounded, extremely poisoned, 32% to evade)
The sting hits Grinder.
Grinder partially resists.
Grinder looks as sick as possible!
Grinder is moderately wounded.
Grinder hits you.
You die...

...# ...#.#
#.###.......#.
#
#..#!...#....
..
#...........#.
.?...........
...........#
#. #......5#
#..##.#...@#
.........##
###....$#
###)#.......
#.#####...
##.# . #..
#..# #.. #.##
#.. #.#


You could see Grinder (extremely poisoned).

Vanquished Creatures
  Jessica (D:3)
  An adder (D:3)
  A worm (D:2)
  2 dart slugs
  4 leopard geckos
  7 bats
  3 giant cockroaches
  A goblin (D:1)
  6 hobgoblins
  A quokka (D:2)
  A frilled lizard (D:1)
  3 kobolds (D:1)
  6 rats
37 creatures vanquished.

Vanquished Creatures (others)
  2 fungi (D:3)
2 creatures vanquished.

Grand Total: 39 creatures vanquished

Notes
Turn   | Place    | Note
-------+----------+-------------------------------------------
     0 | D:1      | thiole the Octopode Venom Mage began the quest for the Orb.
     0 | D:1      | Reached XP level 1. HP: 11/11 MP: 3/3
    97 | D:1      | Reached XP level 2. HP: 13/17 MP: 0/5
   268 | D:1      | Reached skill level 4 in Poison Magic
   819 | D:1      | Reached XP level 3. HP: 21/21 MP: 3/6
  1191 | D:2      | Found a faded altar of an unknown god.
  1938 | D:3      | Reached skill level 5 in Poison Magic
  1941 | D:3      | Reached skill level 1 in Fighting
  2067 | D:3      | Noticed Jessica
  2072 | D:3      | Killed Jessica
  2073 | D:3      | Reached XP level 4. HP: 29/29 MP: 2/7
  2198 | D:3      | Noticed Grinder
  2208 | D:3      | Slain by Grinder

Illustrated notes

Levels and vault maps discovered:
D:1:      nzn_arrival_water_spiral, layout_loops_ring
D:2:      layout_loops_ring, chequers_ecumenical_altar_simple_redux
D:3:      layout_loops_cross, uniq_sigmund, uniq_grinder,
          uniq_crazy_yiuf_cottage, uniq_jessica

Skill      XL: |  1  2  3 |
---------------+----------+-----
Stealth        | 3 |  3.0
Poison Magic   | 4 5 |  5.0
Fighting       | 2 |  2.0
Dodging        | |  2.1
Spellcasting   | |  2.2
Transmutations | |  1.2

Action                   |  1- 3 |  4- 6 || total
-------------------------+-------+-------++-------
Melee: Unarmed           |    24 |     1 ||    25
       Constrict         |     9 |       ||     9
       Tentacles         |     5 |       ||     5
 Cast: Sting             |    61 |    13 ||    74
  Use: Potion            |     1 |       ||     1
 Stab: Sleeping          |     1 |       ||     1
Armor: Skin              |     3 |       ||     3
Dodge: Dodged            |    20 |     1 ||    21
